 Dungeon Crawl Stone Soup version 0.27.0-1-g7a089689b8 (webtiles) character file.

Game seed: 12677715663750290823

233 Malachi the Chiller (level 5, -4/36 HPs)
             Began as a Demonspawn Ice Elementalist on Aug 17, 2021.
             Was a Believer of Okawaru.
             Slain by Edmund (9 damage)
             ... on level 4 of the Dungeon.
             The game lasted 00:06:12 (3728 turns).

Malachi the Chiller (Demonspawn Ice Elementalist)   Turns: 3728, Time: 00:06:12

Health: -4/36      AC:  4    Str:  6    XL:     5   Next: 75%
Magic:  6/8        EV: 14    Int: 18    God:    Okawaru [**....]
Gold:   59         SH:  4    Dex: 13    Spells: 4/8 levels left

rFire    . . .     SeeInvis .   r - +2 quarterstaff (chaos)
rCold    . . .     Faith    .   (shield currently unavailable)
rNeg     . . .     Spirit   .   d - +1 robe {Will+}
rPois    .         Reflect  .   (helmet restricted)
rElec    .         Harm     .   s - +0 cloak
rCorr    .         Rampage  .   (no gloves)
Will     ++...                  (no boots)
Stlth    +++.......             (no amulet)
HPRegen  0.12/turn              (no ring)
MPRegen  0.11/turn              (no ring)

@: heroic, attractive
A: horns 1, large bone plates 1, spiny 1, strong-willed 1, weak 1, evolution 1
a: Renounce Religion, Heroism


You were on level 4 of the Dungeon.
You worshipped Okawaru.
Okawaru was pleased with you.
You visited 1 branch of the dungeon, and saw 4 of its levels.

You collected 59 gold pieces.

Inventory:

Hand Weapons
 j - a +0 dagger
 r - a +2 quarterstaff of chaos (weapon)
Armour
 a - a +0 robe
 d - a +1 robe of willpower (worn)
 s - a +0 cloak (worn)
Jewellery
 e - a ring of fire
 l - a ring of magical power
Wands
 o - a wand of polymorph (4)
Scrolls
 f - a scroll of magic mapping {unknown}
 g - 2 scrolls of noise {unknown}
 i - a scroll of vulnerability {unknown}
 n - 2 scrolls of enchant armour {unknown}
 q - 2 scrolls of teleportation {unknown}
Potions
 m - a potion of invisibility {unknown}
 p - a potion of brilliance {unknown}


   Skills:
 + Level 0.8(5.8) Fighting
 + Level 0.2(5.2) Short Blades
 - Level 1.7(6.7) Dodging
 - Level 1.7(6.7) Stealth
 + Level 0.3(5.3) Shields
 + Level 0.1(5.1) Unarmed Combat
 - Level 2.0 Spellcasting
 * Level 6.2 Ice Magic


You had 4 spell levels left.
You knew the following spells:

 Your Spells              Type           Power      Damage    Failure   Level
a - Freeze                Ice            96%        1d11      1%          1
b - Frozen Ramparts       Ice            48%        1d6       4%          3

Your spell library contained the following spells:

 Spells                   Type           Power      Damage    Failure   Level
 Ozocubu's Armour         Ice            24%        N/A       4%          3
 Blink                    Tloc           N/A        N/A       26%         2
 Corpse Rot               Necr/Air       N/A        N/A       26%         2
 Hailstorm                Conj/Ice       13%        3d5       45%         4
 Dispel Undead            Necr           1%         3d6       87%         4
 Manifold Assault         Tloc           1%         N/A       99%         5
 Death Channel            Necr           0%         N/A       100%        6
 Storm Form               Tmut/Air       0%         N/A       100%        7


Dungeon Overview and Level Annotations

Branches:
Dungeon (4/15)
 Temple: D:4-7

Altars:
Okawaru
The Shining One

Shops:
D:1 !

Annotations:
D:4 Edmund


Innate Abilities, Weirdness & Mutations

You have a pair of small horns on your head.
You are partially covered in large bone plates. (SH +4)
You are partially covered in sharp spines.
You are strong-willed. (Will+)
You are weak. (Str -2)
You evolve.


Message History

Edmund shouts!
Edmund seems to speed up.
Edmund is lightly wounded.
Edmund hits you with a +1 vorpal flail!
You hit Edmund but do no damage.
Edmund is lightly wounded.
Edmund hits you with a +1 vorpal flail. Edmund closely misses you.
You are too injured to fight recklessly!
You are too injured to fight recklessly!
You are too injured to fight recklessly!
It was a potion of lignification.
You turn into a tree.
Your +0 cloak melds into your body.
Your +1 robe of willpower melds into your body.
You feel less strong-willed.
Your roots penetrate the ground.
Edmund hits you but does no damage. x2
It was a potion of cancellation.
Your magical effects are unravelling.
You feel magically purged.
You feel less wooden.
Your +0 cloak unmelds from your body.
Your +1 robe of willpower unmelds from your body.
You feel strong-willed. Edmund misses you.
It was a potion of mutation.
You feel extremely strange.
You feel weaker.
You feel strong-willed.
You feel nature experimenting on you.
Don't worry, failures die fast.
Edmund misses you. Edmund hits you but does no damage.
You gain the combat prowess of a mighty hero.
Edmund is struck by your spines. Edmund closely misses you.
You hit Edmund.
Edmund flickers and vanishes!
Deactivating autopickup; reactivate with Ctrl-A.
Something hits you!
* * * LOW HITPOINT WARNING * * *
x2 Something barely misses you.
You barely miss something. Your headbutt misses something.
You block something's attack.
Unknown command.
It was a potion of attraction.
You feel attractive to monsters. You block something's attack.
Something hits you!
You die...

#.......#
#.##.##<#
#.##.##.#
#..[.##.#
#..####.#
#..####.#
#.......#
##.######
#@#
.......{#
.########


There were no monsters in sight!

Vanquished Creatures
  Crazy Yiuf (D:3)
  Jessica (D:3)
  Terence (D:3)
  3 gnolls (D:3)
  4 adders
  An ufetubus (D:3)
  4 worms
  3 dart slugs
  4 bats
  8 endoplasms
  2 giant cockroaches
  7 goblins
  4 hobgoblins
  2 jackals (D:1)
  2 quokkas (D:1)
  6 ball pythons
  6 frilled lizards
  5 kobolds (D:1)
  12 rats
76 creatures vanquished.

Vanquished Creatures (others)
  A ball python (D:2)
  A fungus (D:3)
2 creatures vanquished.

Grand Total: 78 creatures vanquished

Notes
Turn   | Place    | Note
-------+----------+-------------------------------------------
     0 | D:1      | Malachi the Demonspawn Ice Elementalist began the quest for
                  | the Orb.
     0 | D:1      | Reached XP level 1. HP: 13/13 MP: 3/3
   358 | D:1      | Reached skill level 4 in Ice Magic
   358 | D:1      | Gained mutation: You have a pair of small horns on your
                  | head. [demonic ancestry]
   358 | D:1      | Reached XP level 2. HP: 7/19 MP: 0/5
   905 | D:1      | Found Qinolyreuq's Distillery.
  1068 | D:1      | Gained mutation: You are partially covered in sharp spines.
                  | [demonic ancestry]
  1068 | D:1      | Reached XP level 3. HP: 24/24 MP: 2/6
  1226 | D:1      | Learned a level 3 spell: Frozen Ramparts
  1279 | D:1      | Found a faded altar of an unknown god.
  1494 | D:1      | Became a worshipper of Warmaster Okawaru
  1494 | D:1      | Reached * piety under Okawaru
  2034 | D:2      | Reached skill level 5 in Ice Magic
  2290 | D:2      | Gained mutation: You are partially covered in large bone
                  | plates. (SH +4) [demonic ancestry]
  2290 | D:2      | Reached XP level 4. HP: 27/30 MP: 4/7
  2957 | D:3      | Noticed Jessica
  2961 | D:3      | Killed Jessica
  2962 | D:3      | Reached XP level 5. HP: 35/36 MP: 4/8
  2966 | D:3      | Noticed Terence
  2979 | D:3      | Killed Terence
  3149 | D:3      | Reached skill level 6 in Ice Magic
  3460 | D:3      | Reached ** piety under Okawaru
  3637 | D:3      | Found a runed translucent door.
  3638 | D:3      | Noticed Crazy Yiuf
  3644 | D:3      | Killed Crazy Yiuf
  3714 | D:4      | Noticed Edmund
  3724 | D:4      | Gained mutation: You are weak. (Str -2) [potion of
                  | mutation]
  3724 | D:4      | Gained mutation: You are strong-willed. (Will+) [potion of
                  | mutation]
  3724 | D:4      | Gained mutation: You evolve. [potion of mutation]
  3728 | D:4      | Slain by Edmund

Illustrated notes

Levels and vault maps discovered:
D:1:      dpeg_arrival_simpleton_a, layout_basic, serial_shops,
          nicolae_shop_statue_plus, hellmonk_ecumenical_altar_inner_sanctum
D:2:      layout_rooms, basic_altar, nrook_campfire
D:3:      layout_basic, lemuel_flame_loot_1, uniq_crazy_yiuf_cottage,
          uniq_terence, uniq_jessica
D:4:      layout_loops_cross, uniq_ijyb, uniq_edmund, uniq_eustachio

Skill      XL: |  1  2  3  4  5 |
---------------+----------------+-----
Ice Magic      | 4 5 6 |  6.2
Fighting       | |  0.8
Short Blades   | |  0.2
Dodging        | |  1.7
Stealth        | |  1.7
Shields        | |  0.3
Unarmed Combat | |  0.1
Spellcasting   | |  2.0

Action                   |  1- 3 |  4- 6 || total
-------------------------+-------+-------++-------
Melee: Unarmed           |    18 |       ||    18
       Headbutt          |     2 |     6 ||     8
       Dagger            |       |    33 ||    33
       Quarterstaff      |       |     4 ||     4
 Cast: Freeze            |    71 |    17 ||    88
       Frozen Ramparts   |       |     6 ||     6
Invok: Heroism           |       |     1 ||     1
  Use: Potion            |       |     4 ||     4
 Stab: Distracted        |     1 |       ||     1
       Sleeping          |       |     6 ||     6
Armor: Robe              |    25 |     9 ||    34
       Skin              |       |     2 ||     2
Dodge: Dodged            |    76 |    23 ||    99
Block: Other             |       |     8 ||     8
